cohdb
Replays
Latest Replays
All Replays
Popular Replays
Top Player Replays
Match Explorer
How It Works
Community
CoH3 Stats
Reddit
Sign in to upload your games and track your stats! →
Sign in with Steam
Match 45612807
Unlisted
Match 45612807
Overview
Messages
Build Orders
End
Kradschützen Motorcycle Team
Selects Italian Infantry
Panzergrenadier Squad
Construct Light Support Kompanie
MG34 Team
Assault Grenadier Squad
Assault Grenadier Squad
Selects Guastatori Squad
Fire Support Elements
Assault Mechanized Group
Selects L6/40 Light Tank Combat Group
Flakvierling Half-track
Construct Panzerarmee Kommand
Selects Sound the Alarm
Flak 36 Anti-tank Gun Team
Selects Territory Booby Traps
Assault Mechanized Group
Walking Stuka Rocket Launcher
Selects Obice 305mm Barrage
Assault Mechanized Group
Obice 305mm Barrage
Selects Towed Cannone da 105/28 Field Howitzer
Assault Grenadier Squad
Obice 305mm Barrage
Pak 38 Anti-tank Gun Team
Armored Reserves
Tiger Heavy Tank
Assault Grenadier Squad
2.5-tonne Medical Truck
Vizantum
Sad Pepe
0
0
Comments
sign in to comment!
No comments posted yet!